 Dungeon Crawl Stone Soup version 0.18.1-50-g88ac8fd (webtiles) character file.

21 ubername the Stinger (level 2, -2/15 HPs)
             Began as a Tengu Venom Mage on Mar 7, 2017.
             Slain by an adder (5 damage)
             ... on level 2 of the Dungeon.
             The game lasted 00:06:05 (1166 turns).

ubername the Stinger (Tengu Venom Mage)             Turns: 1166, Time: 00:06:06

Health: -2/15      AC:  4    Str: 13    XL:     2   Next: 83%
Magic:  6/6        EV: 12    Int: 15    God:
Gold:   60         SH:  0    Dex: 14    Spells: 1 memorised, 4 levels left

rFire  . . .     SeeInvis .     f - +0 club
rCold  + . .     Gourm    .     e - +1 leather armour {rC+}
rNeg   . . .     Faith    .     (no shield)
rPois  .         Spirit   .     (helmet restricted)
rElec  .         Dismiss  .     (no cloak)
rCorr  .         Reflect  .     (no gloves)
SustAt .         Harm     .     (boots unavailable)
MR     .....                    (no amulet)
Stlth  ++........               (no ring)
                                (no ring)

@: mighty, lethally poisoned (-2 -> -6), not resistant to hostile enchantments,
unstealthy
A: beak, talons 3
a: no special abilities


You were on level 2 of the Dungeon.
You were not hungry.

You visited 1 branch of the dungeon, and saw 2 of its levels.

You collected 60 gold pieces.

Inventory:

Hand Weapons
 f - a +0 club (weapon)
 k - a +0 short sword
 o - a +0 vampiric spear
Missiles
 d - 28 stones (quivered)
Armour
 a - a +0 robe
 e - a +1 leather armour of cold resistance (worn)
 m - a +0 cloak
Scrolls
 j - a scroll of blinking {unknown}
 l - a scroll of identify {unknown}
 s - a scroll of remove curse {unknown}
Potions
 i - a potion of might
 n - a potion of curing {unknown}
 p - a potion of degeneration {unknown}
 q - a potion of flight {unknown}
 r - a potion of mutation {unknown}
Books
 b - a Young Poisoner's Handbook

   Spells                             Type                      Level
   a - Sting                          Conjuration/Poison           1
   b - Cure Poison                    Poison                       2
   c - Mephitic Cloud                 Conjuration/Poison/Air       3
   d - Olgreb's Toxic Radiance        Poison                       4
   e - Venom Bolt                     Conjuration/Poison           5
Comestibles
 c - 3 bread rations
 g - a chunk of flesh
 h - a meat ration


   Skills:
 + Level 0.2 Throwing
 + Level 0.2 Armour
 + Level 2.5 Dodging
 + Level 2.0 Stealth
 + Level 2.0 Spellcasting
 + Level 4.4 Poison Magic


You had 4 spell levels left.
You knew the following spells:

 Your Spells              Type           Power        Failure   Level  Hunger
a - Sting                 Conj/Pois      #...         14%         1    #......


Dungeon Overview and Level Annotations

Branches:
Dungeon (2/15)

Altars:


Innate Abilities, Weirdness & Mutations

You have a beak for a mouth.
You have claws for feet.


Message History

The adder is heavily wounded.
You feel sick. The adder bites you. The adder closely misses you.
You barely miss the adder. Your kick misses the adder.
Your peck misses the adder.
The adder is moderately wounded.
The adder bites you but does no damage. The adder misses you.
You hit the adder but do no damage. Your kick misses the adder.
Your peck misses the adder.
The adder is moderately wounded.
You feel sick. The adder barely misses you. x2
You barely miss the adder. You peck the adder, but do no damage.
The adder is moderately wounded.
The adder bites you.
* * * LOW HITPOINT WARNING * * *
You are too injured to fight recklessly!
Drink which item? (? for menu, Esc to quit)
It was a potion of might.
You feel very mighty all of a sudden. The adder closely misses you.
The adder bites you.
You die...

.................. ..#
## #.............. ...
..###.......####...
...#.#................
####.#.#..........#.....
.........#......#.#.#.).
#..#.#+#.##..##.#..(..
#....S..[##..##.......
..#....@...##...........
........................
#.#.....................
#..#..%#.#####.....<..
#........# #....##..
......#.#.# ......##.#
.....[.....# .......+...
..#####... .........##.#
.............# .#


You could see an adder.

Vanquished Creatures
  A giant gecko (D:2)
  A goblin (D:2)
  4 hobgoblins (D:1)
  A ball python (D:1)
  4 bats (D:1)
  3 giant newts (D:1)
  2 kobolds (D:1)
  5 rats (D:1)
21 creatures vanquished.

Vanquished Creatures (others)
  A kobold (D:2)
1 creature vanquished.

Grand Total: 22 creatures vanquished

Notes
Turn   | Place    | Note
--------------------------------------------------------------
     0 | D:1      | ubername the Tengu Venom Mage began the quest for the Orb.
     0 | D:1      | Reached XP level 1. HP: 10/10 MP: 4/4
   420 | D:1      | Reached XP level 2. HP: 15/15 MP: 6/6
  1166 | D:2      | Slain by an adder

Action                   || total
-------------------------++-------
Melee: Club              ||    76
       Kick              ||    18
       Unarmed           ||     5
       Peck              ||     8
Throw: Stone             ||    26
  Use: Potion            ||     1
  Eat: Chunk             ||     1
Armor: Leather armour    ||    38
Dodge: Dodged            ||    87
